 Dungeon Crawl Stone Soup version 0.28.0-53-g5a82cb258f (webtiles) character file.

Game seed: 9469915062503965192

144 Sin92 the Skirmisher (level 5, 0/42 HPs)
             Began as a Demonspawn Fighter on June 16, 2022.
             Was an Initiate of Makhleb.
             Slain by an orc
             ... wielding a +0 hand axe
              (1 damage)
             ... on level 4 of the Dungeon.
             The game lasted 00:03:18 (3277 turns).

Sin92 the Skirmisher (Demonspawn Fighter)           Turns: 3277, Time: 00:03:19

Health: 0/42       AC: 10    Str: 19    XL:     5   Next: 5%
Magic:  5/5        EV:  9    Int:  9    God:    Makhleb [......]
Gold:   61         SH:  4    Dex: 12    Spells: 4/4 levels left

rFire   . . .      SeeInvis .   a - +1 war axe
rCold   . . .      Faith    .   c - +0 buckler
rNeg    . . .      Spirit   .   j - +0 chain mail
rPois   .          Reflect  .   (helmet restricted)
rElec   .          Harm     .   (no cloak)
rCorr   .          Rampage  .   l - +0 pair of gloves
Will    .....                   (no boots)
Stlth   ..........              (no amulet)
HPRegen 0.14/turn               (no ring)
MPRegen 0.09/turn               (no ring)

@: on berserk cooldown, slowed, very slow
A: horns 1, repulsion field 1
a: Renounce Religion


You were on level 4 of the Dungeon.
You worshipped Makhleb.
Makhleb was noncommittal.
You visited 2 branches of the dungeon, and saw 5 of its levels.

You collected 61 gold pieces.

Inventory:

Hand Weapons
 a - a +1 war axe (weapon)
Armour
 b - a +0 scale mail
 c - a +0 buckler (worn)
 j - a +0 chain mail (worn)
 l - a +0 pair of gloves (worn)
Scrolls
 h - a scroll of noise
Potions
 d - a potion of might
 e - a potion of curing {unknown}
 g - a potion of heal wounds {unknown}


   Skills:
 + Level 3.6 Fighting
 + Level 2.5 Axes
 + Level 3.4 Armour
 + Level 1.6 Dodging
 + Level 3.3 Shields


You had 4 spell levels left.
You didn't know any spells.
Your spell library contained the following spells:

 Spells                   Type           Power      Damage    Failure   Level
 Animate Skeleton         Necr           0%         N/A       99%         1
 Apportation              Tloc           0%         N/A       99%         1
 Summon Small Mammal      Summ           0%         N/A       99%         1


Dungeon Overview and Level Annotations

Branches:
Dungeon (4/15)             Temple (1/1) D:4

Altars:
Ashenzari
Dithmenos
Elyvilon
Gozag
Kikubaaqudgha
Makhleb
Ru
Sif Muna
Uskayaw
Yredelemnul
The Shining One


Innate Abilities, Weirdness & Mutations

You have a pair of small horns on your head.
You are surrounded by a mild repulsion field. (EV +2)


Message History

You slash the orc wizard!
You kill the orc wizard!
Makhleb accepts your kill.
You feel less confused.
An orc comes into view. It is wielding a +0 dagger.
You feel a strong urge to attack something.
You are no longer berserk.
You are exhausted.
You feel yourself slow down.
The orc wizard hits you but does no damage.
You slash the orc wizard! You headbutt the orc wizard.
The orc wizard is severely wounded.
The orc wizard casts a spell at you. The puff of flame hits you.
The orc wizard casts a spell at you. You resist with some effort.
The orc priest invokes the aid of Beogh against you.
Beogh smites you!
You slash the orc wizard!
You kill the orc wizard!
Makhleb accepts your kill.
The orc priest mumbles some strange prayers to Beogh against you.
Beogh smites you!
* * * LOW HITPOINT WARNING * * *
You have reached level 5!
You hit the orc. You headbutt the orc.
The orc is heavily wounded.
You closely miss the orc. The orc hits you but does no damage.
An orc comes into view. It is wielding a +0 club.
You block the orc's attack. The orc hits you but does no damage.
The orc barely misses you. The orc hits you but does no damage.
Unknown command.
You barely miss the orc. You headbutt the orc, but do no damage.
The orc is heavily wounded.
You hit the orc.
An ufetubus comes into view.
The orc hits you but does no damage. The orc hits you with a +0 hand axe.
* * * LOW HITPOINT WARNING * * *
The orc barely misses you. The orc hits you with a +0 hand axe.
You die...

...... #......#
#......# #......#
#......##
#.......#
##.#...#.#
##...#.#..#
##.....>..@####
......#.#.oooooo..
##...#)).#.##o#5..
#.........# #
#.####..### #
#.<..# #.......#
####.#### #.


You could see an orc priest, 6 orcs and an ufetubus.

Vanquished Creatures
  2 orc wizards (D:4)
  2 adders
  A worm (D:2)
  4 dart slugs
  2 orcs
  4 bats
  5 endoplasms
  4 giant cockroaches
  6 goblins
  4 hobgoblins
  4 jackals (D:3)
  3 quokkas
  3 ball pythons (D:1)
  7 frilled lizards
  7 kobolds
  3 rats
61 creatures vanquished.

Vanquished Creatures (others)
  2 fungi (D:2)
  7 plants
9 creatures vanquished.

Grand Total: 70 creatures vanquished

Notes
Turn   | Place    | Note
-------+----------+-------------------------------------------
     0 | D:1      | Sin92 the Demonspawn Fighter began the quest for the Orb.
     0 | D:1      | Reached XP level 1. HP: 18/18 MP: 1/1
   333 | D:1      | Gained mutation: You have a pair of small horns on your
                  | head. [demonic ancestry]
   333 | D:1      | Reached XP level 2. HP: 24/24 MP: 2/2
   968 | D:2      | Found a faded altar of an unknown god.
   972 | D:2      | Reached XP level 3. HP: 25/29 MP: 3/3
  1050 | D:2      | Reached skill level 1 in Dodging
  2117 | D:3      | Gained mutation: You are surrounded by a mild repulsion
                  | field. (EV +2) [demonic ancestry]
  2117 | D:3      | Reached XP level 4. HP: 32/35 MP: 4/4
  2995 | D:4      | Found a staircase to the Ecumenical Temple.
  3008 | Temple   | Entered the Ecumenical Temple
  3246 | Temple   | Became a worshipper of Makhleb the Destroyer
  3276 | D:4      | Reached XP level 5. HP: 4/42 MP: 5/5
  3277 | D:4      | HP: 1/42 [orc/+0 hand axe (3)]
  3277 | D:4      | Slain by an orc

Illustrated notes

Levels and vault maps discovered:
D:1:      ncdulo_watergridlock, layout_basic, serial_bayou, serial_bayou_pond_a,
          serial_bayou_pond_b, serial_bayou_lake_a, serial_bayou_pond_a,
          minivault_24, minmay_misc_feat_four_crosses, minmay_misc_feat_tiny
D:2:      cheibrodos_helix_gallery, layout_basic,
          dreamdust_ecumenical_altar_grove
D:3:      layout_loops_ring
D:4:      layout_loops_corners, mainiacjoe_overflow_concentric_impassable,
          gammafunk_temple_overflow_claw, minmay_temple_entry_crystal_x,
          kennysheep_orc_chapel
Temple:   minmay_temple_curvy_loop

Skill      XL: |  1  2  3 |
---------------+----------+-----
Axes           | 2 |  2.5
Armour         | 3 |  3.4
Shields        | 3 |  3.3
Dodging        | 1 |  1.6
Fighting       | |  3.6

Action                   |  1- 3 |  4- 6 || total
-------------------------+-------+-------++-------
Melee: War axe           |    91 |    41 ||   132
       Headbutt          |     8 |     6 ||    14
  Use: Scroll            |     6 |     2 ||     8
       Potion            |       |     1 ||     1
Armor: Scale mail        |    33 |       ||    33
       Chain mail        |    30 |    23 ||    53
Dodge: Dodged            |    40 |    20 ||    60
Block: Buckler           |    18 |     9 ||    27
